 Dungeon Crawl Stone Soup version 0.23-a0-636-g0ff6057 (console) character file.

456 Duffy the Conjurer (level 6, 37/41 HPs)
             Began as a Demonspawn Fire Elementalist on Dec 28, 2018.
             Quit the game on level 5 of the Dungeon.
             The game lasted 00:05:54 (4338 turns).

Duffy the Conjurer (Demonspawn Fire Elementalist)   Turns: 4338, Time: 00:05:55

Health: 37/41      AC:  2    Str:  9    XL:     6   Next: 77%
Magic:  11/11      EV: 12    Int: 18    God:
Gold:   187        SH:  0    Dex: 13    Spells: 4/12 levels left

rFire    + + .     SeeInvis .   f - +0 spear
rCold    + . .     Gourm    .   (no shield)
rNeg     . . .     Faith    .   a - +0 robe
rPois    +         Spirit   .   (no helmet)
rElec    +         Reflect  .   (no cloak)
rCorr    +         Harm     .   (no gloves)
MR       .....                  (no boots)
Stlth    ++++......             (no amulet)
HPRegen  0.13/turn              (no ring)
MPRegen  0.12/turn              (no ring)

@: resistant
A: fire resistance 1, nightstalker 2
a: no special abilities


You were on level 5 of the Dungeon.
You were not hungry.

You visited 1 branch of the dungeon, and saw 5 of its levels.

You collected 187 gold pieces.

Inventory:

Hand Weapons
 f - a +0 spear (weapon)
Missiles
 p - 4 tomahawks of dispersal (quivered)
Armour
 a - a +0 robe (worn)
Wands
 q - a wand of digging (4)
Scrolls
 b - a scroll of fog
 d - 2 scrolls of remove curse
 g - 3 scrolls of amnesia
 i - a scroll of magic mapping {unknown}
 k - a scroll of teleportation
 l - 2 scrolls of immolation {unknown}
 n - 2 scrolls of blinking {unknown}
Potions
 e - 2 potions of magic
 h - 2 potions of invisibility
 m - 3 potions of brilliance
Comestibles
 c - 10 rations


   Skills:
 - Level 1.7 Dodging
 - Level 1.7 Stealth
 + Level 3.9 Spellcasting
 + Level 4.5 Conjurations
 + Level 4.4 Fire Magic


You had 4 spell levels left.
You knew the following spells:

 Your Spells              Type           Power        Failure   Level  Hunger
h - Flame Tongue          Conj/Fire      ###..        2%          1    None
j - Sticky Flame          Conj/Fire      ###.....     24%         4    ####...
l - Conjure Flame         Conj/Fire      ###.....     7%          3    ###....

Your spell library contained the following spells:

 Spells                   Type           Power        Failure   Level  Hunger
 Throw Flame              Conj/Fire      ###...       3%          2    ##.....
 Inner Flame              Hex/Fire       ##......     19%         3    ###....
 Fireball                 Conj/Fire      ###.......   54%         5    ######.


Dungeon Overview and Level Annotations

Branches:
Dungeon (4/15)
 Temple: D:4-7

Altars:
Makhleb
Zin

Annotations:
D:1 exclusion: 2 jackals
D:2 exclusions: adder and dart slug
D:5 Eustachio, Pikel


Innate Abilities, Weirdness & Mutations

Your flesh is heat resistant. (rF+)
You are significantly more attuned to the shadows.


Message History

The slave shouts!
You hear a shout!
You closely miss the bat. The bat hits you but does no damage.
The quokka closely misses you.
A phantom comes into view.
The bat hits you. The slave hits you!
A slave comes into view.
The bat misses you. The slave barely misses you.
The phantom blinks!
The quokka bites you.
A shadow imp comes into view.
The slave hits you.
* * * LOW HITPOINT WARNING * * *
It was a potion of resistance.
You feel protected. The slave misses you.
All of the chunks of flesh in your inventory have rotted away.
It was a potion of heal wounds.
You feel much better. The slave closely misses you.
Okay, then.
Okay, then.
Are you sure you want to abandon this character and quit the game? (Confirm

P.0P##
###..## ...
P..## #.....#
.. ..P#
####.....####
. P.~#
.............
..~#
...W..rpr....
####..brK###
####5## #p#
#@# #.....#
#.#.#....
#.#...... #
### ... ##.


You could see Pikel, 2 slaves, a shadow imp, 2 quokkas, a bat and a rat.

Vanquished Creatures
  An ogre (D:4)
  2 hounds
  4 orc wizards (D:4)
  A worker ant (D:4)
  7 adders
  An ooze (D:2)
  4 worms
  2 dart slugs
  A leopard gecko (D:3)
  13 orcs
  16 giant cockroaches
  9 goblins
  8 hobgoblins
  3 jackals (D:3)
  2 quokkas
  A bat (D:3)
  2 frilled lizards
  7 kobolds
  9 rats
93 creatures vanquished.

Notes
Turn   | Place    | Note
-------+----------+-------------------------------------------
     0 | D:1      | Duffy the Demonspawn Fire Elementalist began the quest for
                  | the Orb.
     0 | D:1      | Reached XP level 1. HP: 13/13 MP: 3/3
   352 | D:1      | Gained mutation: You are slightly more attuned to the
                  | shadows. [demonic ancestry]
   352 | D:1      | Reached XP level 2. HP: 19/19 MP: 1/5
  1086 | D:2      | Reached XP level 3. HP: 15/24 MP: 0/6
  1291 | D:2      | Learned a level 3 spell: Conjure Flame
  1400 | D:2      | Found a glowing silver altar of Zin.
  1786 | D:2      | Gained mutation: You are significantly more attuned to the
                  | shadows. [demonic ancestry]
  1786 | D:2      | Reached XP level 4. HP: 25/30 MP: 1/7
  1907 | D:3      | Learned a level 4 spell: Sticky Flame
  2781 | D:3      | Reached XP level 5. HP: 34/35 MP: 4/9
  3312 | D:3      | Found a burning altar of Makhleb.
  3839 | D:4      | Gained mutation: Your flesh is heat resistant. (rF+)
                  | [demonic ancestry]
  3839 | D:4      | Reached XP level 6. HP: 41/41 MP: 8/11
  4279 | D:4      | You fall through a shaft!
  4279 | D:5      | Entered Level 5 of the Dungeon
  4280 | D:5      | Noticed a steam dragon
  4280 | D:5      | Noticed a steam dragon
  4284 | D:5      | Noticed Eustachio
  4324 | D:5      | Noticed a slave
  4325 | D:5      | Noticed a slave
  4325 | D:5      | Noticed a slave
  4325 | D:5      | Noticed Pikel
  4327 | D:5      | Noticed a slave
  4338 | D:5      | Quit the game

Vault maps used:
D:1:      zaba_arrival_water
D:2:      zin_statuary, uniq_robin
D:3:      minmay_roachtagon, makhleb_heckhound_becter
D:5:      kennysheep_steamy, gammafunk_temple_overflow_pools, first_ration,
          uniq_eustachio, uniq_pikel

Skill      XL: |  1  2  3  4  5  6 |
---------------+-------------------+-----
Conjurations   | 2 3 4 |  4.5
Fire Magic     | 3 4 |  4.4
Spellcasting   | 3 |  3.9
Dodging        | |  1.7
Stealth        | |  1.7

Action                   |  1- 3 |  4- 6 || total
-------------------------+-------+-------++-------
Melee: Spear             |       |     9 ||     9
 Cast: Flame Tongue      |    63 |   125 ||   188
       Sticky Flame      |       |     2 ||     2
  Use: Scroll            |       |     7 ||     7
       Potion            |       |     2 ||     2
  Eat: Chunk             |     3 |     9 ||    12
Armor: Robe              |     1 |    22 ||    23
Dodge: Dodged            |    15 |    59 ||    74

Table legend:
 A = Non-vault XP
 B = Vault XP
 C = Vault XP percentage of total XP
 D = Non-vault monster count
 E = Vault monster count
 F = Vault count percentage of total count
                 A         B        C        D         E       F
            +---------+---------+-------+---------+---------+-------
      Total |     581 |      71 |  10.9 |      79 |      14 |  15.1
            +---------+---------+-------+---------+---------+-------
        D:1 |      22 |       0 |   0.0 |      14 |       0 |   0.0
        D:2 |      81 |       2 |   2.4 |      19 |       1 |   5.0
        D:3 |      93 |      69 |  42.6 |      27 |      13 |  32.5
        D:4 |     385 |       0 |   0.0 |      19 |       0 |   0.0
            +---------+---------+-------+---------+---------+-------
